 Dungeon Crawl Stone Soup version 0.31-a0-174-g85c54bcb58 (webtiles) character file.

Game seed: 7800321957507336707

231 qw the Shooter (level 6, -3/56 HPs)
             Began as a Naga Hunter on June 15, 2023.
             Was an Initiate of Okawaru.
             Slain by Pikel
             ... wielding a +0 whip of electrocution
              (18 damage)
             ... on level 4 of the Dungeon.
             The game lasted 00:01:15 (3943 turns).

qw the Shooter (Naga Hunter)                        Turns: 3943, Time: 00:01:16

Health: -3/56      AC:  0    Str: 11    XL:     6   Next: 4%
Magic:  6/6        EV:  9    Int:  9    God:    Okawaru [......]
Gold:   152        SH:  0    Dex: 17    Spells: 5/5 levels left

rFire   + . .        Y - +0 shortbow
rCold   + . .        (shield currently unavailable)
rNeg    . . .        e - +0 leather armour {rC+}
rPois   +            (helmet restricted)
rElec   .            (no cloak)
rCorr   +            j - +0 pair of gloves
SInv    +            (no barding)
Will    .....        (no amulet)
Stlth   ++           m - ring of protection from fire
HPRegen 0.29/turn    b - ring of resist corrosion
MPRegen 0.10/turn

%: no passive effects
@: short of breath, corroded, very slow
A: AC +2, large, see invisible, deformed body, poison resistance, slowness 2,
spit poison 2, naga tail 1, horns 1, weak 1, MP-powered wands
a: Breathe Poison Gas, Renounce Religion


You were on level 4 of the Dungeon.
You worshipped Okawaru.
Okawaru was noncommittal.
You visited 2 branches of the dungeon, and saw 6 of its levels.

You collected 175 gold pieces.
You spent 23 gold pieces at shops.


Innate Abilities, Weirdness & Mutations

Your serpentine skin is tough. (AC +2)
You have supernaturally acute eyesight. (SInv)
Armour fits poorly on your strangely shaped body.
Your system is resistant to poisons. (rPois)
You cover ground very slowly.
You can exhale a cloud of poison.
You have a snake-like lower body.
You have a pair of small horns on your head.
You are weak. (Str -2)
You expend magic power (3 MP) to strengthen your wands.


   Skills:
 - Level 3.3 Fighting
 + Level 5.9 Ranged Weapons
 - Level 1.5 Dodging
 - Level 1.5 Stealth


You had 5 spell levels left.
You didn't know any spells.
Your spell library was empty.

Inventory:

Hand Weapons
 Y - a +0 shortbow (weapon)
Armour
 e - a +0 leather armour of cold resistance (worn)
 j - a +0 pair of gloves (worn)
Jewellery
 b - a ring of resist corrosion (right hand)
 m - a ring of protection from fire (left hand)
Scrolls
 a - a scroll of identify
 h - 3 scrolls of teleportation
Potions
 c - 2 potions of mutation
 d - a potion of cancellation
 i - a potion of curing {unknown}
 l - a potion of might {unknown}
 n - a potion of lignification {unknown}

Dungeon Overview and Level Annotations

Branches:
Dungeon (5/15)             Temple (1/1) D:4

Altars:
Elyvilon
Gozag
Hepliaklqana
Kikubaaqudgha
Makhleb
Nemelex Xobeh
Okawaru
Ru
Sif Muna
Trog
Vehumet
Wu Jian
Xom

Shops:
D:1 *

Annotations:
D:4 Pikel


Message History

You shoot an arrow. The arrow hits Pikel!
Pikel is moderately wounded.
A lemure comes into view.
You shoot an arrow. The lemure shouts!
The arrow hits Pikel.
Pikel is moderately wounded.
A scorpion comes into view.
You shoot an arrow. The arrow closely misses Pikel.
The arrow hits the jelly!
The jelly is heavily wounded.
You have got your breath back.
Pikel hits you with a +0 whip of electrocution.
A lemure comes into view.
3939 ||| INVOKING Breathe Poison Gas.
Aiming: Breathe Poison Gas (6% risk of failure)
Press: ? - help, Shift-Dir - straight line, f - scorpion, p - Pikel You fail to use your ability.
Pikel closely misses you.
3940 ||| INVOKING Breathe Poison Gas.
Aiming: Breathe Poison Gas (6% risk of failure)
Press: ? - help, Shift-Dir - straight line, f/p - scorpion You exhale a blast of poison gas.
The poison gas engulfs Pikel.
Pikel is poisoned.
Pikel is heavily wounded.
The jelly hits you. The acid corrodes you!
You are splashed with acid.
You resist.
Pikel is engulfed in poison gas.
Pikel looks even sicker.
Pikel hits you with a +0 whip of electrocution!
You are electrocuted!
3941 ||| STAIRDANCE The jelly hits you.
You are splashed with acid.
You resist.
Pikel looks even sicker.
Pikel barely misses you.
You climb upwards.
There is a stone staircase leading down, spattered with blood here.
You shoot an arrow.
The arrow hits Pikel but does no damage.
Pikel is heavily wounded.
The jelly closely misses you.
Pikel hits you with a +0 whip of electrocution.
You are electrocuted!!
You die...

..####..........#.#.###.....###
#.# ##......#..#.#.#........#
#.# ##..###......!.#........#
..####....##.....)..#........#
..##......'.........'........#
..##.#...(###.......#........#
.##....#..# ##......'........#
.......##.######K.###........#
...............J@.# #........#
###....##########.# #####.####
#....# #.# #.# #....#
#.#######.####### ######
#................
########.######## #.# #.# #.#


You could see Pikel (very poisoned) and a jelly.

Vanquished Creatures
  2 lemures (D:5)
  Jessica (D:2)
  A sleepcap (D:4)
  An iguana (D:4)
  An orc wizard (D:2)
  3 adders
  A worm (D:3)
  4 dart slugs
  9 orcs
  5 ball pythons
  7 bats
  5 endoplasms
  5 giant cockroaches
  9 goblins
  4 hobgoblins
  6 jackals
  5 quokkas
  3 frilled lizards
  6 kobolds
  A rat (D:3)
79 creatures vanquished.

Notes
Turn   | Place    | Note
-------+----------+-------------------------------------------
     0 | D:1      | qw the Naga Hunter began the quest for the Orb.
     0 | D:1      | Reached XP level 1. HP: 19/19 MP: 1/1
     0 | D:1      | 0 ||| qw: Version: 0.2-a-29-g511e9b1
     0 | D:1      | 0 ||| qw: Game counter: 5540
     0 | D:1      | 0 ||| qw: Always use a shield: true
     0 | D:1      | 0 ||| qw: God list: Okawaru
     0 | D:1      | 0 ||| qw: Allow faded altars: false
     0 | D:1      | 0 ||| qw: Do Orc after D:15 true
     0 | D:1      | 0 ||| qw: Do second Lair branch before Depths: true
     0 | D:1      | 0 ||| qw: Lair rune preference: random
     0 | D:1      | 0 ||| qw: Plans: Normal
     0 | D:1      | 0 ||| PLANNING D:1-11
    31 | D:1      | 31 ||| INVOKING Spit Poison.
    38 | D:1      | 38 ||| INVOKING Spit Poison.
    49 | D:1      | 49 ||| INVOKING Spit Poison.
   154 | D:1      | 154 ||| INVOKING Spit Poison.
   163 | D:1      | 163 ||| INVOKING Spit Poison.
   164 | D:1      | Reached skill level 4 in Ranged Weapons
   164 | D:1      | Reached XP level 2. HP: 26/26 MP: 2/2
   167 | D:1      | 167 ||| INVOKING Spit Poison.
   175 | D:1      | 175 ||| INVOKING Spit Poison.
   185 | D:1      | 185 ||| INVOKING Spit Poison.
   227 | D:1      | 227 ||| INVOKING Spit Poison.
   233 | D:1      | 233 ||| INVOKING Spit Poison.
   238 | D:1      | 238 ||| INVOKING Spit Poison.
   347 | D:1      | 347 ||| INVOKING Spit Poison.
   379 | D:1      | Found Seefiyfask's Assorted Antiques.
   384 | D:1      | 384 ||| BUYING clear potion (23 gold).
   384 | D:1      | Bought a clear potion for 23 gold pieces
   384 | D:1      | 384 ||| SHOPLISTING emerald potion (23 gold, have 1).
   384 | D:1      | 384 ||| SHOPLISTING scroll labelled KOONOMIESA (26 gold,
                  | have 1).
   384 | D:1      | 384 ||| SHOPLISTING shiny swamp dragon scales (1378 gold,
                  | have 1).
   384 | D:1      | 384 ||| SHOPLISTING silvery potion (23 gold, have 1).
   425 | D:1      | 425 ||| INVOKING Spit Poison.
   465 | D:1      | 465 ||| INVOKING Spit Poison.
   508 | D:1      | 508 ||| INVOKING Spit Poison.
   561 | D:1      | 561 ||| INVOKING Spit Poison.
   562 | D:1      | Reached XP level 3. HP: 32/32 MP: 3/3
   792 | D:1      | 792 ||| UPGRADING to +0 pair of gloves.
   797 | D:1      | 797 ||| DROPPING scarf of shadows.
   798 | D:1      | 798 ||| UPGRADING to ring of protection from fire.
   799 | D:1      | 799 ||| READING 2 scrolls labelled KOONOMIESA.
   800 | D:1      | 800 ||| READING 2 scrolls labelled PICLUIXZURR.
   801 | D:1      | 801 ||| READING scroll labelled ICSOPPUFUE.
   802 | D:1      | 802 ||| READING scroll labelled YDIFITW ESYRI.
   860 | D:1      | 860 ||| READING 2 scrolls labelled QAUDOS ZYDEA.
   865 | D:1      | 865 ||| READING scroll labelled CULISAIMNE.
   866 | D:1      | 866 ||| READING scroll labelled TOQOTO PEFFIWN.
   867 | D:1      | 867 ||| DROPPING scroll of butterflies.
   868 | D:1      | 868 ||| DROPPING scroll of vulnerability.
   890 | D:2      | 890 ||| INVOKING Spit Poison.
   993 | D:2      | 993 ||| INVOKING Spit Poison.
  1014 | D:2      | 1014 ||| INVOKING Spit Poison.
  1018 | D:2      | Reached skill level 5 in Ranged Weapons
  1021 | D:2      | 1021 ||| INVOKING Spit Poison.
  1024 | D:2      | Reached XP level 4. HP: 33/39 MP: 4/4
  1027 | D:2      | 1027 ||| INVOKING Spit Poison.
  1030 | D:2      | 1030 ||| INVOKING Spit Poison.
  1033 | D:2      | 1033 ||| INVOKING Spit Poison.
  1128 | D:2      | 1128 ||| INVOKING Spit Poison.
  1141 | D:2      | 1141 ||| INVOKING Spit Poison.
  1214 | D:2      | 1214 ||| INVOKING Spit Poison.
  1218 | D:2      | 1218 ||| INVOKING Spit Poison.
  1368 | D:2      | 1368 ||| INVOKING Spit Poison.
  1427 | D:2      | 1427 ||| INVOKING Spit Poison.
  1457 | D:2      | 1457 ||| INVOKING Spit Poison.
  1521 | D:2      | 1521 ||| INVOKING Spit Poison.
  1535 | D:2      | 1535 ||| INVOKING Spit Poison.
  1688 | D:2      | 1688 ||| INVOKING Spit Poison.
  1734 | D:2      | Noticed Jessica
  1740 | D:2      | 1740 ||| INVOKING Spit Poison.
  1744 | D:2      | Killed Jessica
  1745 | D:2      | Reached skill level 3 in Fighting
  1745 | D:2      | Reached XP level 5. HP: 49/49 MP: 5/5
  2025 | D:2      | 2025 ||| READING scroll labelled ILAFOA KUEDOOQ.
  2126 | D:2      | 2126 ||| READING scroll labelled JIADUG SOUH.
  2177 | D:3      | 2177 ||| INVOKING Spit Poison.
  2210 | D:3      | 2210 ||| INVOKING Spit Poison.
  2214 | D:3      | 2214 ||| INVOKING Spit Poison.
  2227 | D:3      | 2227 ||| INVOKING Spit Poison.
  2360 | D:3      | You fall into a shaft and drop 1 floor!
  2360 | D:4      | Found a staircase to the Ecumenical Temple.
  2361 | D:4      | 2361 ||| PLANNING TEMPLE
  2369 | Temple   | Entered the Ecumenical Temple
  2445 | Temple   | 2445 ||| PLANNING OKAWARU WORSHIP
  2502 | Temple   | Became a worshipper of Warmaster Okawaru
  2503 | Temple   | 2503 ||| PLANNING D:1-11
  2522 | D:4      | 2522 ||| INVOKING Spit Poison.
  2526 | D:4      | 2526 ||| INVOKING Spit Poison.
  2531 | D:4      | 2531 ||| INVOKING Spit Poison.
  2552 | D:4      | 2552 ||| INVOKING Spit Poison.
  2556 | D:4      | 2556 ||| INVOKING Spit Poison.
  2592 | D:4      | 2592 ||| INVOKING Spit Poison.
  2598 | D:4      | 2598 ||| UPGRADING to +0 leather armour of cold resistance.
  2608 | D:4      | 2608 ||| DROPPING +0 leather armour.
  2609 | D:4      | 2609 ||| READING 2 scrolls of identify.
  2609 | D:4      | 2609 ||| IDENTIFYING emerald potion
  2610 | D:4      | 2610 ||| DROPPING potion of enlightenment.
  2657 | D:3      | 2657 ||| INVOKING Spit Poison.
  2800 | D:3      | 2800 ||| INVOKING Spit Poison.
  3039 | D:3      | Found a bloodstained altar of Trog.
  3047 | D:3      | Found a radiant altar of Vehumet.
  3051 | D:3      | 3051 ||| READING scroll labelled GUFUYGHIANI.
  3052 | D:3      | 3052 ||| READING scroll labelled JUEXKO BEAFRI.
  3053 | D:3      | 3053 ||| DRINKING 2 fizzy purple potions.
  3053 | D:3      | Gained mutation: You are weak. (Str -2) [potion of
                  | mutation]
  3053 | D:3      | Gained mutation: You can exhale a cloud of poison. [potion
                  | of mutation]
  3053 | D:3      | Gained mutation: You have a pair of small horns on your
                  | head. [potion of mutation]
  3053 | D:3      | Gained mutation: You expend magic power (3 MP) to
                  | strengthen your wands. [potion of mutation]
  3110 | D:4      | 3110 ||| INVOKING Breathe Poison Gas.
  3239 | D:4      | 3239 ||| INVOKING Breathe Poison Gas.
  3255 | D:4      | Noticed an ice beast
  3265 | D:4      | HP: 10/49 [ice beast (6)]
  3266 | D:4      | 3266 ||| READING 4 scrolls of teleportation.
  3266 | D:4      | HP: 4/49 [ice beast (5)]
  3411 | D:4      | 3411 ||| INVOKING Breathe Poison Gas.
  3437 | D:4      | Found an ancient bone altar of Kikubaaqudgha.
  3449 | D:4      | 3449 ||| INVOKING Breathe Poison Gas.
  3505 | D:4      | 3505 ||| INVOKING Breathe Poison Gas.
  3556 | D:4      | 3556 ||| INVOKING Breathe Poison Gas.
  3572 | D:4      | Found a hazy altar of Hepliaklqana.
  3617 | D:4      | 3617 ||| INVOKING Breathe Poison Gas.
  3654 | D:4      | 3654 ||| INVOKING Breathe Poison Gas.
  3784 | D:4      | 3784 ||| INVOKING Breathe Poison Gas.
  3833 | D:4      | 3833 ||| UPGRADING to ring of resist corrosion.
  3834 | D:4      | 3834 ||| READING 2 scrolls of identify.
  3834 | D:4      | 3834 ||| IDENTIFYING dark potion
  3857 | D:5      | Entered Level 5 of the Dungeon
  3858 | D:5      | 3858 ||| PLANNING SEWER
  3864 | D:5      | 3864 ||| STAIRDANCE
  3911 | D:5      | Noticed a lemure
  3911 | D:5      | Noticed a lemure
  3912 | D:5      | 3912 ||| INVOKING Breathe Poison Gas.
  3915 | D:5      | Killed a lemure
  3916 | D:5      | 3916 ||| FLEEEEING.
  3916 | D:5      | Killed a lemure
  3927 | D:5      | 3927 ||| INVOKING Breathe Poison Gas.
  3929 | D:5      | Reached XP level 6. HP: 55/56 MP: 6/6
  3932 | D:5      | Noticed Pikel
  3939 | D:5      | 3939 ||| INVOKING Breathe Poison Gas.
  3940 | D:5      | 3940 ||| INVOKING Breathe Poison Gas.
  3941 | D:5      | 3941 ||| STAIRDANCE
  3943 | D:4      | Slain by Pikel

Levels and vault maps discovered:
D:1:      matt_arrival_los_fun, layout_loops_ring, serial_shops,
          nicolae_shop_hallway_plus, minmay_box_of_dots
D:2:      minmay_alternating_diamond, layout_basic,
          chequers_serial_rivers_small_a, moated_statue, uniq_jessica
D:3:      layout_loops_ring, amethyst_overflow_temple_binary, serial_park_tiny_1
D:4:      layout_basic, nicolae_hepliaklqana_hippocampus,
          nicolae_kikubaaqudgha_miasma_corner, minmay_temple_entry_mist
D:5:      layout_basic, general_overflow_altar, tgw_fedhas,
          portal_sewer_entry_e, uniq_pikel
Temple:   nicolae_temple_figure_zero

Skill      XL: |  1  2  3  4 |
---------------+-------------+-----
Ranged Weapons | 4 5 |  5.9
Fighting       | 3 |  3.3
Dodging        | |  1.5
Stealth        | |  1.5

Action                     |  1- 3 |  4- 6 || total
---------------------------+-------+-------++-------
   Fire: Shortbow          |    50 |   129 ||   179
Ability: Spit Poison       |    20 |    26 ||    46
         Breathe Poison Ga |       |    12 ||    12
    Use: Scroll            |     7 |     7 ||    14
         Potion            |       |     1 ||     1
 Armour: Leather armour    |    11 |    13 ||    24
  Dodge: Dodged            |    15 |    21 ||    36

Table legend:
 A = Non-vault XP
 B = Vault XP
 C = Vault XP percentage of total XP
 D = Non-vault monster count
 E = Vault monster count
 F = Vault count percentage of total count
                 A         B        C        D         E       F
            +---------+---------+-------+---------+---------+-------
      Total |     279 |      52 |  15.7 |      69 |       8 |  10.4
            +---------+---------+-------+---------+---------+-------
        D:1 |      34 |       0 |   0.0 |      20 |       0 |   0.0
        D:2 |      83 |      52 |  38.5 |      18 |       8 |  30.8
        D:3 |      27 |       0 |   0.0 |       7 |       0 |   0.0
        D:4 |     122 |       0 |   0.0 |      23 |       0 |   0.0
        D:5 |      13 |       0 |   0.0 |       1 |       0 |   0.0
            +---------+---------+-------+---------+---------+-------
